 Dungeon Crawl Stone Soup version 0.25.0-11-g1f837a76a1 (webtiles) character file.

Game seed: 14049473143599936358

16 lepoulpe303 the Skirmisher (level 2, 0/27 HPs)
             Began as a Hill Orc Fighter on June 25, 2020.
             Slain by a gnoll
             ... wielding a +0 whip
              (5 damage)
             ... on level 2 of the Dungeon.
             The game lasted 00:01:09 (541 turns).

lepoulpe303 the Skirmisher (Hill Orc Fighter)        Turns: 541, Time: 00:01:10

Health: 0/27       AC:  6    Str: 18    XL:     2   Next: 54%
Magic:  2/2        EV:  7    Int:  8    God:
Gold:   51         SH:  9    Dex: 10    Spells: 1/1 levels left

rFire    . . .     SeeInvis .   a - +0 war axe
rCold    . . .     Gourm    .   c - +0 kite shield
rNeg     . . .     Faith    .   b - +0 scale mail
rPois    .         Spirit   .   (no helmet)
rElec    .         Reflect  .   (no cloak)
rCorr    .         Harm     .   (no gloves)
MR       .....                  (no boots)
Stlth    ..........             (no amulet)
HPRegen  0.09/turn              (no ring)
MPRegen  0.08/turn              (no ring)

@: no status effects
A: no striking features
a: no special abilities


You were on level 2 of the Dungeon.
You were not hungry.

You visited 1 branch of the dungeon, and saw 2 of its levels.

You collected 51 gold pieces.

Inventory:

Hand Weapons
 a - a +0 war axe (weapon)
Armour
 b - a +0 scale mail (worn)
 c - a +0 kite shield (worn)
Jewellery
 l - an uncursed ring of positive energy {unknown}
Scrolls
 f - a scroll of amnesia {unknown}
 j - a scroll of teleportation {unknown}
Potions
 d - a potion of might
 h - a potion of mutation {unknown}
 i - a potion of brilliance {unknown}
 k - a potion of curing {unknown}
Comestibles
 e - 2 rations
 g - 5 chunks of flesh


   Skills:
 + Level 3.8 Fighting
 * Level 3.2 Axes
 + Level 3.4 Armour
 + Level 0.3 Dodging
 + Level 3.4 Shields


You had one spell level left.
You didn't know any spells.
Your spell library was empty.

Dungeon Overview and Level Annotations

Branches:
Dungeon (2/15)

Altars:


Message History

You closely miss the gnoll. The gnoll hits you but does no damage.
The gnoll hits you from afar with a +0 spear!
* * * LOW HITPOINT WARNING * * *
The gnoll hits you with a +0 whip.
* * * LOW HITPOINT WARNING * * *
The gnoll barely misses you.
You take 11 damage, and have 8/27 hp.
MASSIVE DAMAGE!!
You completely miss the gnoll.
A gnoll comes into view. It is wielding a +0 whip.
You block the gnoll's attack.
The gnoll hits you from afar with a +0 spear.
* * * LOW HITPOINT WARNING * * *
The gnoll moves out of view.
You take 2 damage, and have 6/27 hp.
You hit the gnoll. You block the gnoll's attack.
The gnoll hits you from afar with a +0 spear.
* * * LOW HITPOINT WARNING * * *
The gnoll hits you with a +0 whip.
You die...

## .. ######.
.......######
(......#gg@.####
...#...gg##.......
##..<#?..##..####.
.........##..#
#.######.##..#
#.........#..#
#####.#######.#..#
.................#
................#####.


You could see 4 gnolls.

Levels and vault maps discovered:
D:1:      mrwooster_arrival_statue, layout_loops_ring
D:2:      layout_basic

Notes
Turn   | Place    | Note
-------+----------+-------------------------------------------
     0 | D:1      | lepoulpe303 the Hill Orc Fighter began the quest for the
                  | Orb.
     0 | D:1      | Reached XP level 1. HP: 19/19 MP: 1/1
    21 | D:1      | Identified a +0 whip
    95 | D:1      | Reached skill level 3 in Axes
   120 | D:1      | Identified a cursed -3 club
   215 | D:1      | Reached XP level 2. HP: 22/27 MP: 2/2
   295 | D:1      | Identified a +0 club
   346 | D:1      | Identified a +0 club
   346 | D:1      | Identified a +0 dagger
   530 | D:2      | Identified a +0 whip
   532 | D:2      | Identified a +0 spear
   540 | D:2      | Identified a +0 whip
   540 | D:2      | HP: 6/27 [gnoll/+0 spear (3)]
   541 | D:2      | Slain by a gnoll

Table legend:
 A = Turns spent in this place as a percentage of turns spent in the entire game.
 B = Non-inter-level travel turns spent in this place as a percentage of non-inter-level travel turns spent in the entire game.
 C = Inter-level travel turns spent in this place as a percentage of turns spent in this place.
 D = Turns resting spent in this place as a percentage of non-inter-level travel turns spent in this place.
 E = Turns spent auto-exploring this place as a percentage of non-inter-level travel turns spent in this place.
 F = Non-inter-level travel turns spent in this place divided by the number of levels of this place that you've seen.
                   A       B       C       D       E      F
               +-------+-------+-------+-------+-------+----------------------
         Total | 100.0 | 100.0 |   0.6 |   0.0 |  76.2 | 269.0
       Dungeon | 100.0 | 100.0 |   0.6 |   0.0 |  76.2 | 269.0
               +-------+-------+-------+-------+-------+----------------------

Table legend:
 A = Kills in this place as a percentage of kills in entire the game.
 B = Kills by you in this place as a percentage of kills by you in the entire game.
 C = Kills by friends in this place as a percentage of kills by friends in the entire game.
 D = Other kills in this place as a percentage of other kills in the entire game.
 E = Experience gained in this place as a percentage of experience gained in the entire game.
 F = Experience gained in this place divided by the number of levels of this place that you have seen.
                   A       B       C       D       E      F
               +-------+-------+-------+-------+-------+----------------------
         Total | 100.0 | 100.0 |   N/A |   N/A | 100.0 |  11.5
       Dungeon | 100.0 | 100.0 |   N/A |   N/A | 100.0 |  11.5
               +-------+-------+-------+-------+-------+----------------------

Skill      XL: |  1 |
---------------+----+-----
Axes           | 3 |  3.2
Fighting       | |  3.8
Armour         | |  3.4
Dodging        | |  0.3
Shields        | |  3.4

Action                   || total
-------------------------++-------
Melee: War axe           ||    62
Armor: Scale mail        ||    22
Dodge: Dodged            ||    28
Block: Kite shield       ||    48

Vanquished Creatures
  4 bats
  A giant cockroach (D:2)
  2 goblins (D:1)
  2 hobgoblins (D:1)
  A quokka (D:2)
  A ball python (D:1)
  A frilled lizard (D:1)
  2 kobolds (D:1)
  A rat (D:1)
15 creatures vanquished.
